 Dungeon Crawl Stone Soup version 0.25-a0-1024-gbfbf38f2cb (webtiles) character file.

Game seed: 14350315144719868404, levelgen mode: classic

121 Amnesiac the Twirler (level 4, 0/25 HPs)
             Began as a Deep Elf Gladiator on May 12, 2020.
             Slain by a centaur (9 damage)
             ... on level 3 of the Dungeon.
             The game lasted 00:04:24 (1653 turns).

Amnesiac the Twirler (Deep Elf Gladiator)           Turns: 1653, Time: 00:04:25

Health: 0/25       AC:  4    Str:  9 (12) XL:     4   Next: 76%
Magic:  6/6        EV: 13    Int: 12 (13) God:
Gold:   47         SH:  0    Dex: 14 (16) Spells: 3/3 levels left

rFire    . . .     SeeInvis .   a - +0 dagger (venom)
rCold    . . .     Gourm    .   (no shield)
rNeg     . . .     Faith    .   b - +0 leather armour
rPois    .         Spirit   .   c - +0 helmet
rElec    .         Reflect  .   (no cloak)
rCorr    .         Harm     +   (no gloves)
MR       .....                  (no boots)
Stlth    +.........             u - amulet of harm
HPRegen  0.08/turn              (no ring)
MPRegen  0.10/turn              (no ring)

@: stab
A: no striking features
a: no special abilities


You were on level 3 of the Dungeon.
You were hungry.

You visited 1 branch of the dungeon, and saw 3 of its levels.

You collected 47 gold pieces.

Inventory:

Hand Weapons
 a - a +0 dagger of venom (weapon)
 m - a +0 hunting sling
 o - a +4 spear
 y - a +0 quarterstaff
Missiles
 d - 2 throwing nets
 n - 133 stones (quivered)
 t - 15 sling bullets
 v - 5 boomerangs
Armour
 b - a +0 leather armour (worn)
 c - a +0 helmet (worn)
 x - a +0 pair of gloves
Jewellery
 r - an uncursed amulet of guardian spirit
 u - an amulet of harm (around neck)
Scrolls
 h - 2 scrolls of amnesia {!r, unknown}
 k - 2 scrolls of teleportation {!r, unknown}
 l - 3 scrolls of remove curse {!r, unknown}
Potions
 p - a potion of mutation {!q, unknown}
 q - a potion of might {!q, unknown}
 s - a potion of lignification {!q, unknown}
 w - a potion of ambrosia {!q, unknown}
Comestibles
 f - 5 rations


   Skills:
 - Level 1.5 Fighting
 * Level 4.9 Staves
 - Level 2.0 Throwing
 - Level 1.5 Armour
 + Level 4.0 Dodging


You had 3 spell levels left.
You didn't know any spells.
Your spell library was empty.

Dungeon Overview and Level Annotations

Branches:
Dungeon (3/15)

Altars:
Zin

Annotations:
D:2 1 exclusion
D:3 Robin


Message History

You hit the goblin.
You kill the goblin!
Robin roars a battlecry!
The hobgoblin goes into a battle-frenzy!
You hear a shout!
You hear an angry hiss.
Things that are here:
a +0 club; a +0 dagger You hit the hobgoblin but do no damage.
The hobgoblin hits you!
You barely miss the hobgoblin.
The hobgoblin hits you but does no damage.
Really quaff
g - 3 coppery potions {!q}?
It was a potion of curing {!q}.
You feel better.
The hobgoblin hits you but does no damage.
Really quaff
q - a green potion {!q}?
Okay, then.
Really quaff
e - a purple potion {!q}?
It was a potion of degeneration {!q}.
There was something very wrong with that liquid.
You feel weakened.
You feel dopey.
You feel clumsy. The hobgoblin hits you. The centaur completely misses you.
Okay, then.
Unknown command.
You hit the centaur but do no damage.
The centaur is poisoned.
The centaur hits you.
You hit the centaur.
The centaur looks even sicker.
The centaur is lightly wounded.
The centaur hits you.
* * * LOW HITPOINT WARNING * * *
The hobgoblin barely misses you. Robin misses you.
The centaur hits you but does no damage.
You hit the centaur but do no damage.
The centaur looks as sick as possible!
The centaur is lightly wounded.
The hobgoblin hits you.
* * * LOW HITPOINT WARNING * * *
The centaur hits you.
* * * LOW HITPOINT WARNING * * *
Robin completely misses you.
Unknown command.
Unknown command.
The hobgoblin hits you.
* * * LOW HITPOINT WARNING * * *
The centaur hits you but does no damage.
Unknown command.
Unknown command.
Unknown command.
Unknown command.
Really quaff
g - 2 potions of curing {!q}?
You feel better. The hobgoblin hits you. The centaur hits you.
* * * LOW HITPOINT WARNING * * *
Really quaff
j - a fuming white potion {!q}?
It was a potion of stabbing {!q}.
You feel ready to backstab. The centaur hits you.
* * * LOW HITPOINT WARNING * * *
The centaur barely misses you. The hobgoblin hits you.
* * * LOW HITPOINT WARNING * * *
Really remove
u - an amulet of harm?
Okay, then.
Unknown command.
Really quaff
g - a potion of curing {!q}?
You feel better. The centaur closely misses you.
The hobgoblin barely misses you. The centaur hits you!
You die...

###### #....#
#.##.#
######.##.#
#g)g).?.#.#
#.####..#.# #.#
#gg#.# ..#
#gc#.#
g..####@.#.#
gg..#..#..#.#
gc...#.<#..#†#
g.....#.##..#.#
###.##.#.....#.#
##......########
####.....)....#
##########.# #.#


You could see a centaur (very poisoned), Robin and 2 hobgoblins.

Vanquished Creatures
  4 adders (D:2)
  A worm (D:2)
  7 dart slugs
  2 leopard geckos (D:2)
  12 goblins
  5 hobgoblins
  5 jackals
  A quokka (D:2)
  A ball python (D:2)
  9 bats
  6 frilled lizards
  10 kobolds
  6 rats
69 creatures vanquished.

Notes
Turn   | Place    | Note
-------+----------+-------------------------------------------
     0 | D:1      | Amnesiac the Deep Elf Gladiator began the quest for the
                  | Orb.
     0 | D:1      | Reached XP level 1. HP: 12/12 MP: 3/3
   104 | D:1      | Reached XP level 2. HP: 4/16 MP: 4/4
   273 | D:1      | Reached skill level 1 in Armour
   462 | D:1      | Reached XP level 3. HP: 20/20 MP: 5/5
   958 | D:2      | Reached XP level 4. HP: 25/25 MP: 6/6
  1222 | D:2      | Found a glowing silver altar of Zin.
  1630 | D:3      | Noticed a centaur
  1630 | D:3      | Noticed Robin
  1653 | D:3      | Slain by a centaur

Illustrated notes

Levels and vault maps discovered:
D:1:      minmay_arrival_four_circles, layout_loops_ring,
          palyth_stone_intersect, minmay_misc_feat_x
D:2:      layout_rooms, zin_treasury, first_ration
D:3:      layout_basic, nicolae_overflow_crystal_walls,
          chequers_ecumenical_altar_simple, grunt_ministairs_10, uniq_natasha,
          uniq_terence, uniq_robin

Skill      XL: |  1  2  3  4 |
---------------+-------------+-----
Armour         | 1 |  1.5
Staves         | 4 |  4.9
Dodging        | 4 |  4.0
Fighting       | |  1.5
Throwing       | |  2.0

Action                   |  1- 3 |  4- 6 || total
-------------------------+-------+-------++-------
Melee: Quarterstaff      |    88 |    51 ||   139
       Dagger            |       |    17 ||    17
Throw: Stone             |    34 |    66 ||   100
       Throwing net      |     3 |       ||     3
  Use: Potion            |       |     5 ||     5
 Stab: Sleeping          |     1 |       ||     1
  Eat: Chunk             |       |     2 ||     2
Armor: Leather armour    |    24 |    21 ||    45
Dodge: Dodged            |    52 |    56 ||   108

Table legend:
 A = Non-vault XP
 B = Vault XP
 C = Vault XP percentage of total XP
 D = Non-vault monster count
 E = Vault monster count
 F = Vault count percentage of total count
                 A         B        C        D         E       F
            +---------+---------+-------+---------+---------+-------
      Total |     163 |      10 |   5.8 |      63 |       6 |   8.7
            +---------+---------+-------+---------+---------+-------
        D:1 |      55 |       0 |   0.0 |      29 |       0 |   0.0
        D:2 |     102 |       0 |   0.0 |      31 |       0 |   0.0
        D:3 |       6 |      10 |  62.5 |       3 |       6 |  66.7
            +---------+---------+-------+---------+---------+-------
